AoeStats
← jetty8282-한국인

MegaRandom

505811027Analyzed
2v2 RM · 20d ago on Sep 11, 2026· 23m 11s· 4 players
Game mode
Random Map
Map size
Medium (4 player)
Population
200
Speed
Normal
Resources
Standard
Victory
Conquest
Starting age
Dark Age
Ending age
Imperial Age
RankedLock teamsTeams togetherTeam positionsShared explorationLock speedFull tech treeHidden civsTurbo modeCheats
Victory
Defeat
🇺🇸 Japanese · United States
1349
+16
🇨🇦 Georgians · Canada
1342
+16
🇰🇷 Inca · South Korea
1409
-18
🇺🇸 Berbers · United States
1285
-14
Pillar of integrity
0:41 Loom
11:19 Feudal Age
11:58 Double-Bit Axe
13:05 Wheelbarrow
13:58 Forging
15:12 Fletching
16:07 Bloodlines
16:18 Scale Barding Armor
19:10 Castle Age
17:50 Gold Mining
18:32 Padded Archer Armor
19:14 Light Cavalry
19:56 Bodkin Arrow
23:42 Leather Archer Armor
23:25 Town Watch
23:56 Hand Cart
Bwa-Kale
0:38 Loom
0:44 Loom
11:23 Feudal Age
13:39 Wheelbarrow
12:49 Town Watch
13:28 Bloodlines
13:25 Double-Bit Axe
13:34 Horse Collar
15:05 Stone Mining
17:04 Gold Mining
19:05 Scale Barding Armor
19:10 Forging
19:38 Fletching
19:58 Forging
22:51 Castle Age
23:30 Forging
23:04 Light Cavalry
23:45 Husbandry
24:06 Chain Barding Armor
jetty8282-한국인
0:41 Loom
9:51 Feudal Age
11:41 Forging
11:24 Fletching
13:49 Padded Archer Armor
14:17 Double-Bit Axe
14:13 Horse Collar
14:26 Gold Mining
17:24 Horse Collar
18:26 Stone Mining
22:25 Castle Age
20:25 Champi Runner
21:22 Forging
22:51 Wheelbarrow
22:28 Arson
22:50 Scale Mail Armor
22:31 Champi Warrior
23:12 Squires
23:26 Bow Saw
23:17 Heavy Plow
24:06 Gold Shaft Mining
Le Pho King
5:40 Loom
12:27 Feudal Age
17:14 Bloodlines
19:40 Double-Bit Axe
25:25 Castle Age
Connection lost

Rejoining the realm…

Still unreachable

The connection could not be restored.

Session expired

The server has moved on; the page needs a fresh start.